 Dungeon Crawl Stone Soup version 0.32-a0-520-g344ed53f66 (webtiles) character file.

Game seed: 5790946975419969399

204035 KennySheep the Marksgoblin (level 18, -9/147 HPs)
             Began as a Coglin Hunter on Feb 28, 2024.
             Was the Champion of Dithmenos.
             Killed from afar by a salamander tyrant (22 damage)
             ... on level 4 of the Snake Pit.
             The game lasted 02:03:38 (37519 turns).

KennySheep the Marksgoblin (Coglin Hunter)         Turns: 37519, Time: 02:03:39

Health: -9/147     AC: 16    Str: 12    XL:     18   Next: 63%
Magic:  18/18      EV: 10    Int: 10    God:    Dithmenos [******]
Gold:   1787       SH:  5    Dex: 24    Spells: 17/17 levels left

rFire   + . .        O - +0 arbalest (heavy) {Arsinoe}
rCold   + + .        (shield currently unavailable)
rNeg    . . .        W - +0 swamp dragon scales
rPois   +            a - +1 hat
rElec   .            (no cloak)
rCorr   .            m - +1 pair of gloves
SInv    .            U - +1 pair of boots
Will    ++...        V - amulet of reflection
Stlth   +++++++++    (ring unavailable)
HPRegen 0.44/turn    (ring unavailable)
MPRegen 0.16/turn

%: reflection
@: about to teleport, wreathed by umbra, constricted, revved
A: cold resistance 2, fire resistance 1, off-hand wielding, slow wielding,
warmup strikes, no rings, strong-willed 1
}: 1/15 runes: decaying
a: Renounce Religion, Shadow Step, Shadow Form


You were on level 4 of the Snake Pit.
You worshipped Dithmenos.
Dithmenos was exalted by your worship.
You visited 7 branches of the dungeon, and saw 32 of its levels.
You also visited: Bailey and Ice Cave.

You collected 2826 gold pieces.
You spent 1039 gold pieces at shops.

Inventory:

Hand Weapons
 i - a +2 sling of draining {Eunkyung}
 s - a +0 sling {Jasleen}
 O - a +0 heavy arbalest (weapon) {Arsinoe}
Missiles
 b - 7 curare-tipped darts
 f - 2 throwing nets
Armour
 a - a +1 hat (worn)
 m - a +1 pair of gloves (worn)
 r - the +3 ring mail of Uwitro {rN+ Dex+7}
   (You found it on level 3 of the Dungeon)

   Dex+7:     It affects your dexterity (+7).
   rN+:       It protects you from negative energy.
 U - a +1 pair of boots (worn)
 W - +0 swamp dragon scales (worn)
Jewellery
 A - an amulet of the acrobat
 D - an amulet of magic regeneration
 V - an amulet of reflection (around neck)
Wands
 q - a wand of flame (13)
 w - a wand of iceblast (18)
 z - a wand of mindburst (32)
 F - a wand of paralysis (18)
 L - a wand of acid (14)
 P - a wand of digging (3)
Scrolls
 c - a scroll of immolation
 g - 5 scrolls of fear
 k - 2 scrolls of noise
 l - 6 scrolls of teleportation
 o - 3 scrolls of blinking
 t - 4 scrolls of vulnerability
 v - 2 scrolls of enchant armour
 y - 4 scrolls of revelation
 B - 3 scrolls of amnesia
 C - 3 scrolls of enchant weapon
 I - 4 scrolls of identify
 K - 5 scrolls of poison
 M - a scroll of fog
 R - a scroll of brand weapon
Potions
 d - 5 potions of might
 e - 3 potions of mutation
 h - 6 potions of ambrosia
 j - 3 potions of lignification
 n - 6 potions of curing
 p - 6 potions of degeneration
 u - 3 potions of enlightenment
 x - 2 potions of resistance
 E - 2 potions of brilliance
 G - 2 potions of cancellation
 H - 4 potions of haste
 J - 3 potions of invisibility
 N - 3 potions of attraction
 Q - 2 potions of berserk rage
 S - a potion of magic


   Skills:
 + Level 14.4 Fighting
 + Level 19.5 Ranged Weapons
 + Level 11.6 Armour
 + Level 13.2 Dodging
 - Level 11.0 Stealth


You had 17 spell levels left.
You didn't know any spells.
Your spell library contained the following spells:

 Spells                   Type           Power      Damage    Failure   Level
 Apportation              Tloc           0%         N/A       56%         1
 Sting                    Conj/Alch      0%         1d3       56%         1
 Blink                    Tloc           0%         N/A       71%         2
 Cigotuvi's Dreadful Rot  Necr/Alch/Air  0%         N/A       71%         2
 Jinxbite                 Hex            0%         N/A       71%         2
 Lesser Beckoning         Tloc           0%         N/A       71%         2
 Mercury Vapours          Alch/Air       0%         N/A       71%         2
 Momentum Strike          Conj/Tloc      0%         3d8       71%         2
 Scorch                   Fire           0%         2d5       71%         2
 Call Canine Familiar     Summ           0%         N/A       91%         3
 Dazzling Flash           Conj/Hex       0%         N/A       91%         3
 Frozen Ramparts          Ice            0%         1d1       91%         3
 Gell's Gravitas          Tloc           0%         N/A       91%         3
 Mephitic Cloud           Conj/Alch/Air  0%         N/A       91%         3
 Ozocubu's Armour         Ice            0%         N/A       91%         3
 Sigil of Binding         Hex            0%         N/A       91%         3
 Teleport Other           Tloc           0%         N/A       91%         3
 Tukima's Dance           Hex            0%         N/A       91%         3
 Cause Fear               Hex            0%         N/A       100%        4
 Dimensional Bullseye     Hex/Tloc       0%         N/A       100%        4
 Flame Wave               Conj/Fire      0%         2d4       100%        4
 Ignite Poison            Fire/Alch      0%         N/A       100%        4
 Leda's Liquefaction      Alch/Erth      0%         N/A       100%        4
 Olgreb's Toxic Radiance  Alch           0%         N/A       100%        4
 Passage of Golubria      Tloc           0%         N/A       100%        4
 Petrify                  Alch/Erth      0%         N/A       100%        4
 Alistair's Intoxication  Alch           0%         N/A       100%        5
 Curse of Agony           Necr           0%         N/A       100%        5
 Fireball                 Conj/Fire      0%         3d3       100%        5
 Freezing Cloud           Conj/Ice/Air   0%         6-21      100%        5
 Metabolic Englaciation   Hex/Ice        0%         N/A       100%        5
 Silence                  Hex/Air        0%         N/A       100%        5
 Yara's Violent Unravell  Hex/Alch       0%         3d3       100%        5
 Conjure Ball Lightning   Conj/Air       0%         3x3d6     100%        6
 Dispersal                Tloc           0%         N/A       100%        6
 Sculpt Simulacrum        Ice/Alch       0%         N/A       100%        6
 Summon Cactus Giant      Summ           0%         N/A       100%        6
 Discord                  Hex            0%         N/A       100%        8
 Disjunction              Tloc           0%         N/A       100%        8
 Lehudib's Crystal Spear  Conj/Erth      0%         10d2      100%        8
 Dragon's Call            Summ           0%         N/A       100%        9


Dungeon Overview and Level Annotations

Branches:
Dungeon (15/15)            Temple (0/1) D:7            Lair (5/5) D:10
  Swamp (4/4) Lair:2        Snake (4/4) Lair:3        Slime (0/5) Lair:5
    Orc (2/2) D:11         Vaults (1/5) D:14         Depths (1/4) D:15
 Bailey (visited)           IceCv (visited)
    Elf: Orc:2

Altars:
Dithmenos
Fedhas
Nemelex Xobeh
Qazlal
Wu Jian
Yredelemnul
Zin
The Shining One
Beogh

Shops:
D:3 =   D:10 !   D:14 !   Snake:1 *

Portals:
Trove: D:10 (give +2 storm dragon scales)

Annotations:
D:5 1 runed translucent door, Crazy Yiuf
D:6 1 runed translucent door
D:10 1 transporter, SmokeWeed's ghost, journeyman DjFE
D:12 Nessos
Lair:1 2 transporters, 1 runed translucent door, Booper's ghost, journeyman MDFi
Snake:1 1 runed translucent door
Orc:2 Saint Roka


Innate Abilities, Weirdness & Mutations

Your flesh is very cold resistant. (rC++)
Your flesh is heat resistant. (rF+)
You can wield a second weapon in your off-hand.
It takes a long time for you to wield or remove held weapons.
Your first few attacks do less damage.
Your grasper-arms cannot wear rings.
You are strong-willed. (Will+)


Message History

The black mamba barely misses you. The anaconda closely misses you. x2
You shoot a bolt. The bolt barely misses the anaconda.
The bolt completely misses the mana viper.
The bolt hits the black mamba!!
The black mamba is heavily wounded.
Your shadow shoots a bolt.
The bolt completely misses the anaconda.
You feel sick.
The black mamba bites you but does no damage.
The anaconda grabs you. You block the anaconda's attack.
The anaconda constricts you. The black mamba barely misses you.
The anaconda bites you! The anaconda constricts you. The black mamba bites you.
A naga ritualist comes into view. It is wielding a +0 scimitar.
As you read the scroll of teleportation, it crumbles to dust.
You feel strangely unstable.
You feel sick.
You are no longer poisoned.
The anaconda closely misses you. The anaconda constricts you.
The black mamba bites you. The anaconda barely misses you.
The anaconda constricts you. The black mamba bites you!
* * * LOW HITPOINT WARNING * * *
A salamander tyrant comes into view.
You shoot a bolt. The bolt hits the black mamba!!!
You kill the black mamba!
Dithmenos accepts your kill.
The anaconda bites you but does no damage.
The anaconda constricts you.
* * * LOW HITPOINT WARNING * * *
The anaconda bites you!
* * * LOW HITPOINT WARNING * * *
The anaconda constricts you.
* * * LOW HITPOINT WARNING * * *
The anaconda bites you.
* * * LOW HITPOINT WARNING * * *
The anaconda constricts you.
* * * LOW HITPOINT WARNING * * *
You emit a cloud of dark smoke.
The salamander tyrant rends the earth beneath you!
The blast of magma engulfs the anaconda!!!
The blast of magma engulfs you!! You partially resist.
You die...

####### ......# ......#
......########
......##.....#
########.....#
########.....#############
............SSSS@§NN§.....
########.....#######§.....
.## #.....# ..... ..#
#.....# .... ..# #.....#
.N. ..# #.....# .. ..##
####### . ...## ##).#


You could see a salamander tyrant, an anaconda and a mana viper.

Vanquished Creatures
  Bai Suzhen (Swamp:3)
  Jorgrun (Swamp:2)
  Gastronok (Lair:1)
  3 thorn hunters
  An ironbound preserver (Vaults:1)
  An orc warlord (Vaults:1)
  A stone giant (D:15)
  3 eleionomae
  15 bunyips
  Snorg (Orc:1)
  Harold (Orc:1)
  A salamander tyrant (Snake:3)
  2 ogre magi
  A spriggan air mage (Swamp:2)
  17 hydras
  4 anacondas
  4 catoblepae
  4 ghost crabs
  4 centaur warriors
  A tengu warrior (D:13)
  3 boulder beetles
  A vampire mage (D:14)
  8 two-headed ogres
  13 alligators
  16 death yaks
  Urug (Lair:1)
  6 naga warriors
  An occultist (D:15)
  A shock serpent (Snake:2)
  5 naga sharpshooters
  Sonja (D:11)
  A fire crab (D:10)
  A skyshark (Lair:3)
  5 spriggans
  4 skeletal warriors
  A storm dragon skeleton (D:15)
  Amaemon (Lair:1)
  2 salamander mystics
  4 goliath frogs
  3 sea snakes (Snake:2)
  3 spriggan druids
  10 mana vipers
  11 swamp dragons
  2 bog bodies
  3 deep trolls (Vaults:1)
  Pikel (D:7)
  5 naga ritualists
  An ironbound convoker (Vaults:1)
  3 lindwurms (Vaults:1)
  8 orc knights
  A deep elf archer (D:14)
  A necromancer (D:15)
  3 deep elf pyromancers
  A deep elf zephyrmancer (D:14)
  15 ugly things
  5 cyclopes
  7 salamanders
  An orc sorcerer (Orc:1)
  5 will-o-the-wisps
  11 elephants
  7 manticores
  4 guardian serpents
  4 naga magi
  2 kobold blastminers (Orc:2)
  28 black mambas
  4 centaur skeletons (D:14)
  An orange demon (Lair:1)
  12 cane toads
  4 rime drakes
  8 komodo dragons
  2 freezing wraiths (D:15)
  Maggie (Lair:2)
  2 bloated husks (Swamp:3)
  2 polar bears (Lair:2)
  A tengu conjurer (D:13)
  11 tyrant leeches
  4 hornets
  8 trolls
  A spriggan zombie (D:15)
  13 blink frogs
  13 dream sheep
  15 slime creatures
  Sigmund (D:5)
  4 wraiths
  59 yaks
  5 basilisks
  5 wyverns
  4 wargs (Orc:2)
  16 vampire mosquitoes
  A steam dragon (D:5)
  24 nagas
  17 swamp worms
  22 water moccasins
  An acid dragon (D:11)
  34 orc warriors
  Duvessa (D:4)
  3 black bears (D:10)
  2 sky beasts (D:7)
  13 swamp drakes (Swamp:4)
  3 ice beasts
  9 ogres
  A wolf (D:10)
  7 centaurs
  2 phantoms (D:4)
  2 lemures
  11 bullfrogs
  A kobold brigand (D:10)
  Blork the orc (D:6)
  A gnoll sergeant (D:8)
  Dowan (D:4)
  19 killer bees
  6 electric eels
  10 howler monkeys
  2 bombardier beetles
  5 jellies
  2 hounds
  16 orc priests
  3 iguanas
  18 orc wizards
  12 gnolls
  5 adders
  12 white imps (D:12)
  4 ufetubi
  3 dart slugs
  3 ribbon worms
  110 orcs
  2 bats (D:1)
  14 endoplasms
  A giant cockroach (D:4)
  17 goblins
  14 hobgoblins
  5 quokkas
  5 ball pythons
  3 frilled lizards
  7 kobolds
  4 rats
942 creatures vanquished.

Vanquished Creatures (others)
  2 bloated husks (Swamp:1)
  A tyrant leech (Swamp:1)
  18 foxfires
21 creatures vanquished.

Grand Total: 963 creatures vanquished

Notes
Turn   | Place    | Note
-------+----------+-------------------------------------------
     0 | D:1      | KennySheep the Coglin Hunter began the quest for the Orb.
     0 | D:1      | Reached XP level 1. HP: 16/16 MP: 1/1
    52 | D:1      | Found a faded altar of an unknown god.
    54 | D:1      | Reached skill level 1 in Stealth
   119 | D:1      | Reached XP level 2. HP: 22/22 MP: 2/2
   194 | D:1      | Prayed at the altar of an unknown god.
   194 | D:1      | Became a worshipper of Dithmenos the Shadowed
   194 | D:1      | Reached * piety under Dithmenos
   851 | D:2      | Reached skill level 4 in Ranged Weapons
   851 | D:2      | Reached XP level 3. HP: 28/28 MP: 3/3
  1433 | D:3      | Identified the +3 ring mail of Uwitro {rN+ Dex+7}
  1441 | D:3      | Found a sparkling altar of Nemelex Xobeh.
  1468 | D:3      | Found Jitoyraha's Jewellery Shoppe.
  1600 | D:3      | Reached XP level 4. HP: 27/34 MP: 4/4
  1691 | D:3      | Found a basalt altar of Yredelemnul.
  1874 | D:4      | Reached ** piety under Dithmenos
  1911 | D:4      | Reached XP level 5. HP: 40/40 MP: 5/5
  1916 | D:4      | Noticed Duvessa
  1916 | D:4      | Noticed Dowan
  1931 | D:4      | Killed Duvessa
  1932 | D:4      | Reached skill level 5 in Ranged Weapons
  1932 | D:4      | Reached XP level 6. HP: 19/47 MP: 6/6
  1936 | D:4      | Killed Dowan
  2156 | D:4      | Reached XP level 7. HP: 52/52 MP: 7/7
  2330 | D:4      | Identified the +1 cloak of the Bull {rCorr Str-4 Int+2}
  2400 | D:5      | Entered Level 5 of the Dungeon
  2409 | D:5      | Noticed Sigmund
  2414 | D:5      | Noticed a steam dragon
  2421 | D:5      | Killed a steam dragon
  2422 | D:5      | Reached skill level 6 in Ranged Weapons
  2514 | D:5      | Reached XP level 8. HP: 48/61 MP: 8/8
  2624 | D:5      | Reached *** piety under Dithmenos
  2650 | D:5      | Found a glowing golden altar of the Shining One.
  2662 | D:5      | Found a stormy altar of Qazlal.
  2702 | D:5      | Killed Sigmund
  2743 | D:5      | Found a runed translucent door.
  2744 | D:5      | Noticed Crazy Yiuf
  3254 | D:6      | Found a runed translucent door.
  3264 | D:6      | Reached skill level 7 in Ranged Weapons
  3303 | D:6      | Reached skill level 5 in Fighting
  3510 | D:6      | Reached XP level 9. HP: 68/68 MP: 9/9
  3633 | D:6      | Noticed Blork the orc
  3636 | D:6      | Killed Blork the orc
  3637 | D:6      | Reached skill level 5 in Dodging
  3691 | D:7      | Found a glowing silver altar of Zin.
  3991 | D:7      | Reached skill level 8 in Ranged Weapons
  4241 | D:7      | Reached skill level 5 in Stealth
  4542 | D:7      | Found a staircase to the Ecumenical Temple.
  4700 | D:8      | Noticed Pikel
  4861 | D:7      | Killed Pikel
  5103 | D:8      | Reached XP level 10. HP: 77/77 MP: 10/10
  5147 | D:8      | Reached skill level 9 in Ranged Weapons
  5161 | D:8      | Reached **** piety under Dithmenos
  5203 | D:8      | Found an ornate altar of the Wu Jian Council.
  5984 | D:9      | Found a flagged portal.
  5993 | Bailey   | Entered a bailey
  6100 | Bailey   | Reached ***** piety under Dithmenos
  6113 | Bailey   | Noticed an orc warlord
  6239 | Bailey   | Identified the +1 trident "Axikh" {spect, *Slow Str+3
                  | Int+6}
  6488 | Bailey   | Reached skill level 12 in Ranged Weapons
  6488 | Bailey   | Reached XP level 11. HP: 84/84 MP: 11/11
  6707 | D:9      | Found a roughly hewn altar of Beogh.
  6765 | D:9      | Reached skill level 13 in Ranged Weapons
  6912 | D:10     | Entered Level 10 of the Dungeon
  6925 | D:10     | Found a blossoming altar of Fedhas.
  6969 | D:10     | Found a portal to a secret trove of treasure.
  6981 | D:10     | Found a transporter.
  6982 | D:10     | Noticed SmokeWeed's ghost (journeyman DjFE)
  7113 | D:10     | Noticed a fire crab
  7120 | D:10     | Killed a fire crab
  7271 | D:10     | Noticed a purple ugly thing
  7281 | D:10     | Killed a purple ugly thing
  7282 | D:10     | Reached XP level 12. HP: 68/91 MP: 12/12
  7487 | D:10     | Found Udaoj's Distillery.
  7500 | D:10     | Bought a potion of heal wounds for 70 gold pieces
  7500 | D:10     | Bought a potion of degeneration for 14 gold pieces
  7500 | D:10     | Bought 2 potions of curing for 84 gold pieces
  7500 | D:10     | Bought a potion of haste for 140 gold pieces
  7500 | D:10     | Bought a potion of mutation for 112 gold pieces
  7532 | D:10     | Found a staircase to the Lair.
  7837 | D:10     | Identified the +12 great mace "Killer Klown's Bane" {elec,
                  | Will+ Str+3 Int+5}
  7837 | D:10     | Identified the +5 dire flail of the Heavens {drain,
                  | ^Fragile rPois Will+++ MP-9}
  7837 | D:10     | Noticed a two-headed ogre
  7838 | D:10     | Noticed a two-headed ogre
  7838 | D:10     | Noticed a two-headed ogre
  7839 | D:10     | Noticed a two-headed ogre
  8191 | D:11     | Noticed Sonja
  8198 | D:11     | Killed Sonja
  8347 | D:11     | Found a staircase to the Orcish Mines.
  8871 | D:12     | Found a frozen archway.
  8901 | IceCv    | Entered an ice cave
  8972 | D:12     | Noticed Nessos
  9077 | Lair:1   | Entered Level 1 of the Lair of Beasts
  9174 | Lair:1   | Reached skill level 14 in Ranged Weapons
  9340 | Lair:1   | Noticed Urug
  9348 | Lair:1   | Killed Urug
  9583 | Lair:1   | Noticed Amaemon
  9988 | Lair:2   | Reached ****** piety under Dithmenos
  9991 | Lair:2   | Noticed a death yak
 10006 | Lair:2   | Killed a death yak
 10007 | Lair:2   | Gained mutation: Your flesh is cold resistant. (rC+)
                  | [Coglin growth]
 10007 | Lair:2   | Gained mutation: Your flesh is heat resistant. (rF+)
                  | [Coglin growth]
 10007 | Lair:2   | Reached XP level 13. HP: 101/101 MP: 13/13
 10301 | Lair:1   | Killed Amaemon
 10364 | Lair:1   | Found a transporter.
 10365 | Lair:1   | Found a transporter.
 10556 | Lair:1   | Noticed Gastronok
 10581 | Lair:1   | Killed Gastronok
 10582 | Lair:1   | Reached skill level 10 in Fighting
 10920 | Lair:1   | Found a runed translucent door.
 10935 | Lair:1   | Noticed Booper's ghost (journeyman MDFi)
 11885 | Lair:2   | Found a staircase to the Swamp.
 12104 | Lair:2   | Identified the ring "Nixtocw" {rPois rN+ Will- rCorr Int+6}
 12165 | Lair:2   | Noticed Maggie
 12170 | Lair:2   | Killed Maggie
 12693 | Lair:3   | Reached skill level 1 in Armour
 12968 | Lair:2   | Reached skill level 10 in Dodging
 13290 | Lair:3   | Reached XP level 14. HP: 88/111 MP: 14/14
 13421 | Lair:3   | Found a staircase to the Snake Pit.
 13854 | Lair:3   | You fall into a shaft and drop 2 floors!
 13854 | Lair:5   | Entered Level 5 of the Lair of Beasts
 15372 | Lair:5   | Reached skill level 5 in Armour
 15484 | Lair:5   | Reached skill level 15 in Ranged Weapons
 16609 | Lair:5   | Reached XP level 15. HP: 120/120 MP: 15/15
 16734 | Lair:5   | Found a staircase to the Slime Pits.
 17190 | Orc:1    | Entered Level 1 of the Orcish Mines
 17199 | Orc:1    | Noticed Snorg
 17209 | Orc:1    | Killed Snorg
 17214 | Orc:1    | Noticed Harold
 17449 | Orc:1    | Killed Harold
 17718 | Orc:1    | Reached skill level 10 in Stealth
 17955 | Orc:2    | Entered Level 2 of the Orcish Mines
 18179 | Orc:2    | Noticed Saint Roka
 20224 | D:14     | Found Kiodivul's Distillery.
 20232 | D:14     | Bought a potion of curing for 39 gold pieces
 20232 | D:14     | Bought a potion of magic for 104 gold pieces
 20232 | D:14     | Bought a potion of haste for 130 gold pieces
 20232 | D:14     | Bought a potion of resistance for 130 gold pieces
 20232 | D:14     | Gained mutation: You are frail. (-10% HP) [potion of
                  | mutation]
 20232 | D:14     | Gained mutation: You are strong-willed. (Will+) [potion of
                  | mutation]
 20232 | D:14     | Lost mutation: You are frail. (-10% HP) [potion of
                  | mutation]
 20232 | D:14     | Gained mutation: Your flesh is very cold resistant. (rC++)
                  | [potion of mutation]
 21245 | D:14     | Found a gate to the Vaults.
 21410 | D:15     | Entered Level 15 of the Dungeon
 21693 | D:15     | Got the Precepts of Pessimism
 21716 | D:15     | Reached XP level 16. HP: 129/129 MP: 16/16
 23225 | D:15     | Found a staircase to the Depths.
 23732 | Snake:1  | Entered Level 1 of the Snake Pit
 23732 | Snake:1  | Found Piabrar's Assorted Antiques.
 23875 | Snake:1  | Bought a scroll of teleportation for 108 gold pieces
 23875 | Snake:1  | Bought a scroll of teleportation for 108 gold pieces
 24398 | Snake:1  | Found a runed translucent door.
 24744 | Snake:2  | Reached skill level 16 in Ranged Weapons
 27121 | Snake:3  | Reached skill level 17 in Ranged Weapons
 27306 | Snake:3  | Identified the serpent talisman of Weirdness {Str+3}
 27474 | Snake:4  | Entered Level 4 of the Snake Pit
 28286 | Swamp:1  | Entered Level 1 of the Swamp
 28297 | Swamp:1  | Reached XP level 17. HP: 125/136 MP: 17/17
 28687 | Swamp:1  | Reached skill level 18 in Ranged Weapons
 30013 | Swamp:2  | Reached skill level 10 in Armour
 30030 | Swamp:2  | Noticed Jorgrun
 30034 | Swamp:2  | Killed Jorgrun
 30644 | Swamp:3  | Identified the dragon-blood talisman of the Elven Halls
                  | {rC+ Int+3}
 30644 | Swamp:3  | Noticed Bai Suzhen
 30660 | Swamp:3  | Killed Bai Suzhen
 31457 | Swamp:3  | Reached skill level 19 in Ranged Weapons
 31629 | Swamp:3  | Identified the ring of Ru's Regard {Will+ Dex+2}
 31661 | Swamp:4  | Entered Level 4 of the Swamp
 33241 | Swamp:4  | Reached XP level 18. HP: 141/145 MP: 18/18
 34369 | Swamp:4  | Got a decaying rune of Zot
 34870 | Vaults:1 | Entered Level 1 of the Vaults
 35562 | Depths:1 | Entered Level 1 of the Depths
 37519 | Snake:4  | Killed from afar by a salamander tyrant

Illustrated notes

Levels and vault maps discovered:
D:1:      amcnicky_arrival_flooded_fountain, layout_loops_ring,
          chequers_ecumenical_altar_island
D:2:      layout_basic, eino_tiny_chamber
D:3:      layout_rooms, nemelex_altar_shiori,
          mainiacjoe_overflow_surrounded_room, serial_shops,
          nicolae_shop_hallway_plus
D:4:      layout_rooms, uniq_duvessa
D:5:      layout_rooms, grunt_temple_overflow_open, grunt_decor_mini_mirrors,
          uniq_crazy_yiuf_cottage, uniq_sigmund
D:6:      layout_cave_pools, eino_tiny_chamber, lightli_church_of_beogh,
          uniq_blork_the_orc
D:7:      layout_basic, amcnicky_altar_gilded,
          minmay_temple_entry_enclosed_plants
D:8:      layout_rooms, nzn_wu_jian_council_hall, kennysheep_potato, uniq_pikel
D:9:      layout_roguey [special_room_orc], enter_bailey_8,
          chequers_serial_rivers_micro_b
D:10:     layout_long_grid, kennysheep_mini, minmay_lair_entry_grove,
          nicolae_trove_entry_free_sample, serial_shops, shop,
          gammafunk_ghost_smash, nicolae_lava_and_water, minmay_three_doors
D:11:     layout_small_grid, orc_0_dummy, kennysheep_generic_room_14, uniq_sonja
D:12:     layout_roguey, portal_ice_cave_entry_imps, uniq_nessos
D:13:     layout_cave_pools
D:14:     layout_layer_cave, hangedman_vaults_entry_quadrant_bands,
          hangedman_decor_lopped, serial_shops, nicolae_shop_industrial_runoff
D:15:     gammafunk_depths_entry_grave, layout_loops_cross,
          minmay_misc_feat_alley, nrook_guardian_serpent_double
Lair:1:   gammafunk_boulding_lane, layout_cave_pods, ebering_ghost_inner_flame,
          chequers_serial_rivers_large_a, grunt_megastairs_1, uniq_gastronok,
          uniq_amaemon, uniq_urug
Lair:2:   layout_concentric_octagons, minmay_swamp_entry_worms,
          infiniplex_staircase_pool, serial_bayou_shore_b, uniq_maggie
Lair:3:   layout_loops_ring, minmay_snake_entry_guardpost_small
Lair:4:   layout_gridlike, serial_bayou_lagoon_b
Lair:5:   evilmike_catoblepas_cave, layout_misc_corridors,
          nicolae_slime_entry_slimehenge, small_statue_intersection
Swamp:1:  layout_basic_swamp, evilmike_swamp_ruin_rubble_2, swamp_pool_3
Swamp:2:  layout_basic_swamp, evilmike_swamp_ruin_house_2, uniq_jorgrun
Swamp:3:  layout_basic_swamp, nicolae_swamp_oxbows, uniq_bai_suzhen
Swamp:4:  swamp, layout_basic_swamp, swamp_pool_5,
          nicolae_swamp_frolicking_bunyips
Snake:1:  cheibrodos_toxic_ritual, layout_basic, serial_shops, shop,
          serial_bayou_pond_e
Snake:2:  layout_gridlike, serial_bayou_ford_a, nicolae_zig_zag_zippers,
          grunt_megastairs_2
Snake:3:  layout_rooms, nicolae_coiled_stairwell_down
Snake:4:  minmay_snake_end_coiled, layout_basic, grunt_megastairs_5
Orc:1:    layout_diamond_mine, uniq_harold, uniq_snorg
Orc:2:    kennysheep_orc_mage_school, layout_caves, uniq_josephine,
          uniq_saint_roka
Vaults:1: nicolae_vaults_lightning_bolt, ontoclasm_vaults_ring_large,
          hangedman_vaults_restitches, vaults_room_door_hall,
          layout_vaults_quadrants, uniq_zenata
Depths:1: layout_cave_pools, hell_entry, mu_enter_wizlab_1, abyss_entry,
          minmay_misc_feat_doors, minmay_fire_ice_demons, uniq_nikola

Skill      XL: |  1  2  3  4  5  6  7  8  9 10 11 12 13 14 15 16 17 18 |
---------------+-------------------------------------------------------+-----
Stealth        | 1 2 3 4 5 6 7 8 9 10 11 | 11.0
Dodging        | 2 3 4 5 6 7 8 10 11 12 13 | 13.2
Ranged Weapons | 4 5 6 7 8 12 13 14 15 17 19 | 19.5
Fighting       | 3 4 5 6 7 9 10 11 12 13 14 | 14.4
Armour         | 2 6 9 10 11 | 11.6

Action                     |  1- 3 |  4- 6 |  7- 9 | 10-12 | 13-15 | 16-18 || total
---------------------------+-------+-------+-------+-------+-------+-------++-------
   Fire: Shortbow          |    47 |       |       |       |       |       ||    47
         Sling             |    48 |    94 |   454 |  1226 |  3100 |   604 ||  5526
         Arbalest          |       |       |       |       |       |   771 ||   771
    Use: Scroll            |       |       |     8 |     5 |     6 |    10 ||    29
         Potion            |       |       |     3 |     3 |     8 |     4 ||    18
 Armour: Leather armour    |    19 |     1 |       |       |       |       ||    20
         Ring mail         |       |    16 |    53 |   108 |   301 |   445 ||   923
         Swamp dragon scal |       |       |       |       |       |    70 ||    70
  Dodge: Dodged            |    18 |    19 |    72 |   224 |   583 |   789 ||  1705
         Repelled          |     1 |     1 |       |     6 |    13 |    45 ||    66
  Block: Other             |       |       |       |       |       |    55 ||    55
         Reflection        |       |       |       |       |       |     1 ||     1

Table legend: (Time is in decaauts)
 A = Elapsed time spent in this place.
 B = Non-inter-level travel time spent in this place.
 C = Inter-level travel time spent in this place.
 D = Time resting spent in this place.
 E = Time spent auto-exploring this place.
 F = Levels seen in this place.
 G = Mean time per level.
                   A        B        C        D        E       F      G
               +--------+--------+--------+--------+--------+-----+--------+
         Total |  38088 |  34825 |   3263 |   8317 |  19592 |  34 | 1120.2 |
       Dungeon |  14706 |  13465 |   1241 |   1692 |   9123 |  15 |  980.4 |
          Lair |   8579 |   7704 |    875 |   1783 |   4526 |   5 | 1715.8 |
         Swamp |   6827 |   6226 |    601 |   2530 |   2549 |   4 | 1706.8 |
     Snake Pit |   5956 |   5476 |    480 |   1852 |   2759 |   4 | 1489.0 |
  Orcish Mines |   1046 |    983 |     63 |    218 |    421 |   2 |  523.0 |
        Vaults |    438 |    438 |      0 |     57 |    212 |   1 |  438.0 |
        Depths |      4 |      4 |      0 |      0 |      0 |   1 |    4.0 |
        Bailey |    525 |    525 |      0 |    182 |      0 |   1 |  525.0 |
      Ice Cave |      3 |      3 |      0 |      0 |      0 |   1 |    3.0 |
               +--------+--------+--------+--------+--------+-----+--------+

Top non-repeatable levels by time:
  Lair:2: 2551 daAuts
 Swamp:3: 2541 daAuts
    D:14: 2411 daAuts
  Lair:1: 2086 daAuts
    D:15: 2032 daAuts
  Lair:5: 2007 daAuts
 Snake:2: 1989 daAuts
 Snake:3: 1841 daAuts
 Snake:1: 1776 daAuts
 Swamp:4: 1553 daAuts
 Swamp:2: 1477 daAuts
     D:7: 1344 daAuts
    D:10: 1316 daAuts
 Swamp:1: 1255 daAuts
  Lair:3: 1060 daAuts
